 Dungeon Sprint DCSS version 0.26-a0-658-gbdda728c12 (webtiles) character file.

Game seed: 3027574855737921032

22899 mhtbhm the Cutthroat (level 13, -6/99 HPs)
             Began as a Kobold Berserker on Oct 5, 2020.
             Was the Champion of Trog.
             Killed from afar by a deep elf annihilator (40 damage)
             ... with an iron shot
             ... in the Dungeon (Sprint I: "Red Sonja").
             The game lasted 00:11:05 (3415 turns).

mhtbhm the Cutthroat (Kobold Berserker)             Turns: 3415, Time: 00:11:05

Health: -6/99      AC:  6    Str: 23    XL:     13   Next: 31%
Magic:  13/13      EV: 27    Int:  8    God:    Trog [******]
Gold:   2034       SH:  0    Dex: 15    Spells: 12/12 levels left

rFire    + + .     SeeInvis .   a - +7 quick blade
rCold    + . .     Faith    .   (shield restricted)
rNeg     . . .     Spirit   .   u - +0 troll leather armour
rPois    +         Reflect  .   l - +1 hat
rElec    .         Harm     .   m - scarf {rC+ rF+}
rCorr    .         Rampage  .   (no gloves)
MR       .....     NoTele   +   (no boots)
Stlth    ++++++++..             (no amulet)
HPRegen  0.66/turn              s - ring of Ubighik {rPois rF+ Str+4}
MPRegen  0.13/turn              (no ring)

@: mesmerised
A: small, nightstalker 3
a: Berserk, Trog's Hand, Brothers in Arms, Renounce Religion


You were in the Dungeon.
You worshipped Trog.
Trog was exalted by your worship.
You visited 1 branch You collected 3118 gold pieces.
You spent 1084 gold pieces at shops.

Inventory:

Hand Weapons
 a - a +7 quick blade (weapon)
Missiles
 n - 9 curare-tipped darts (quivered)
 t - 3 throwing nets
Armour
 b - +0 gold dragon scales
 l - a +1 hat (worn)
 m - a scarf of resistance (worn)
 u - a +0 troll leather armour (worn)
 v - the +0 robe of Supple Strength {+Fly Str+2}
   (You found it in the Dungeon)

   It affects your strength (+2).
   It lets you fly.
Jewellery
 s - the ring of Ubighik (left hand) {rPois rF+ Str+4}
   (You bought it in a shop in the Dungeon)

   [ring of protection from fire]

   It affects your strength (+4).
   It protects you from fire.
   It protects you from poison.
Scrolls
 i - a scroll of enchant armour
 j - 2 scrolls of remove curse
 p - a scroll of random uselessness {unknown}
 q - a scroll of immolation {unknown}
 w - a scroll of holy word
Potions
 c - 5 potions of curing
 d - a potion of heal wounds
 e - a potion of haste
 f - 2 potions of magic
 g - a potion of berserk rage
 h - 2 potions of mutation
 k - a potion of flight
 o - 3 potions of might
Miscellaneous
 r - a tin of tremorstones (3/3)


   Skills:
 + Level 18.8 Fighting
 + Level 21.5 Short Blades
 + Level 6.9 Armour
 + Level 16.1 Dodging
 + Level 19.5 Stealth


You had 12 spell levels left.
You didn't know any spells.
Your spell library was empty.

Dungeon Overview and Level Annotations

Branches:
Dungeon (1/1)

Altars:
Cheibriados
Dithmenos
Elyvilon
Fedhas
Gozag
Hepliaklqana
Kikubaaqudgha
Makhleb
Nemelex Xobeh
Okawaru
Qazlal
Ru
Sif Muna
Trog
Uskayaw
Vehumet
Wu Jian
Xom
Yredelemnul
Zin
The Shining One
Jiyva
Lugonu

Shops:
D *[[***(:[(:!((*[=[

Annotations:
D Tiamat


Innate Abilities, Weirdness & Mutations

You are small and have problems with some larger weapons.
You are completely attuned to the shadows.


Message History

The merfolk siren is almost dead.
The deep elf annihilator hits you but does no damage.
You closely miss the merfolk siren.
The merfolk siren is almost dead.
The hornet completely misses you.
The merfolk siren chants a haunting song.
Your stone giant hits the hornet!!
The hornet stings you.
Unknown command.
You puncture the merfolk siren!
You kill the merfolk siren!
Trog accepts your kill.
Trog appreciates your killing of a magic user.
Unknown command.
You hit the deep elf annihilator.
The deep elf annihilator is lightly wounded.
The hornet stings your stone giant!
Your stone giant seems to slow down.
The deep elf annihilator casts a spell at you.
The iron shot hits you!!!
You die...

#######################
§§§.§§§§...'..#.^'§§§.#
§####§§§..##..'§§#.§§§##
§#
##§.§#######§#§.§..#####
§#
###§#|!$##..#§§§§§#...#
## #.##...#.e##.§.§#)∩(#
.# #..###.#C@≈###§##...#
.+ ##.#A#.#y)y.=#§####§#
.#
#..###.#..m.##§#§^..##
^#
#.##...#..≈##§..§^§.§##
##
#..#+###..≈#....§^§.§.#
# ##...# ##^§.§^.§..§##
# ###.# #..§§§§)..§§.# #
#.# #...§§§†.....# # #.#
#^^^.....^^##


You could see a deep elf annihilator, a merfolk siren (mesmerising), 2 hornets
and a friendly stone giant (summoned, berserk, slow).

Vanquished Creatures
  A golden dragon (D)
  A shadow dragon (D)
  4 fire giants (D)
  A hydra (D)
  2 centaur warriors (D)
  Sonja (D)
  7 unseen horrors (D)
  A deep troll (D)
  An oklob plant (D)
  A lindwurm (D)
  A merfolk siren (D)
  A gargoyle (D)
  4 demonic crawlers (D)
  2 kobold demonologists (D)
  A hornet (D)
  A slime creature (D)
  2 redbacks (D)
  Sigmund (D)
  13 hogs (D)
  A yak (D)
  3 floating eyes (D)
  7 necrophages (D)
  An ogre (D)
  8 jellies (D)
  Ijyb (D)
  A ballistomycete spore (D)
68 creatures vanquished.

Vanquished Creatures (collateral kills)
  A hellwing (D)
  A hornet (D)
2 creatures vanquished.

Vanquished Creatures (others)
  A gargoyle (D)
  A ballistomycete spore (D)
2 creatures vanquished.

Grand Total: 72 creatures vanquished

Notes
Turn   | Place    | Note
-------+----------+-------------------------------------------
     0 | D        | mhtbhm the Kobold Berserker began the quest for the Orb.
     0 | D        | Reached XP level 1. HP: 14/14 MP: 1/1
     1 | D        | Noticed Ijyb
    21 | D        | Killed Ijyb
    21 | D        | Reached skill level 5 in Fighting
    21 | D        | Reached skill level 6 in Short Blades
    21 | D        | Reached XP level 2. HP: 21/21 MP: 2/2
    21 | D        | Reached XP level 3. HP: 26/26 MP: 3/3
    80 | D        | Noticed an ogre
    86 | D        | Killed an ogre
    86 | D        | Reached skill level 8 in Short Blades
    86 | D        | Reached skill level 1 in Stealth
    86 | D        | Reached XP level 4. HP: 24/34 MP: 4/4
    86 | D        | Reached XP level 5. HP: 27/38 MP: 5/5
   231 | D        | Noticed Sigmund
   238 | D        | Killed Sigmund
   238 | D        | Reached ** piety under Trog
   238 | D        | Reached skill level 11 in Short Blades
   238 | D        | Reached skill level 5 in Dodging
   238 | D        | Reached XP level 6. HP: 45/45 MP: 6/6
   300 | D        | Found an ornate altar of the Wu Jian Council.
   301 | D        | Found a shimmering blue altar of Sif Muna.
   302 | D        | Found a radiant altar of Vehumet.
   424 | D        | Found a hazy altar of Hepliaklqana.
   424 | D        | Found a stormy altar of Qazlal.
   424 | D        | Found a hide-covered altar of Uskayaw.
   424 | D        | Found a blossoming altar of Fedhas.
   424 | D        | Noticed a yak
   425 | D        | Found Toir's Armour Emporium.
   425 | D        | Found a bloodstained altar of Trog.
   425 | D        | Found an opulent altar of Gozag.
   425 | D        | Found a snail-covered altar of Cheibriados.
   434 | D        | Killed a yak
   434 | D        | Reached skill level 10 in Fighting
   434 | D        | Reached skill level 12 in Short Blades
   434 | D        | Reached XP level 7. HP: 46/52 MP: 7/7
   435 | D        | Found an iron altar of Okawaru.
   435 | D        | Found a sparkling altar of Nemelex Xobeh.
   435 | D        | Found a sacrificial altar of Ru.
   435 | D        | Found a glowing silver altar of Zin.
   436 | D        | Found an ancient bone altar of Kikubaaqudgha.
   436 | D        | Found a basalt altar of Yredelemnul.
   436 | D        | Found a glowing golden altar of the Shining One.
   436 | D        | Found a shadowy altar of Dithmenos.
   436 | D        | Found a white marble altar of Elyvilon.
   542 | D        | Killed a gargoyle
   547 | D        | Found a burning altar of Makhleb.
   547 | D        | Found a viscous altar of Jiyva.
   547 | D        | Found a shimmering altar of Xom.
   547 | D        | Found a corrupted altar of Lugonu.
   547 | D        | Noticed a slime creature
   555 | D        | Killed a slime creature
   555 | D        | Reached *** piety under Trog
   555 | D        | Reached skill level 13 in Short Blades
   569 | D        | Noticed a kobold demonologist
   570 | D        | Noticed a kobold demonologist
   572 | D        | Noticed a chaos spawn
   573 | D        | Reached XP level 8. HP: 60/60 MP: 8/8
   582 | D        | Killed a kobold demonologist
   582 | D        | Reached skill level 14 in Short Blades
   582 | D        | Reached skill level 5 in Stealth
   592 | D        | Noticed a hellwing
   593 | D        | Killed a kobold demonologist
   593 | D        | Reached **** piety under Trog
   652 | D        | Noticed a centaur warrior
   652 | D        | Noticed a centaur warrior
   656 | D        | Killed a centaur warrior
   656 | D        | Reached skill level 16 in Short Blades
   656 | D        | Reached XP level 9. HP: 67/67 MP: 9/9
   665 | D        | Killed a centaur warrior
   665 | D        | Reached skill level 17 in Short Blades
   665 | D        | Reached skill level 5 in Armour
   735 | D        | Noticed a deep troll
   737 | D        | Killed a deep troll
   737 | D        | Reached XP level 10. HP: 74/74 MP: 10/10
   761 | D        | Found Goossych's Armour Emporium.
   798 | D        | Bought a scarf of resistance for 416 gold pieces
   822 | D        | Noticed Sonja
   825 | D        | Killed Sonja
   825 | D        | Reached ***** piety under Trog
   825 | D        | Reached skill level 18 in Short Blades
   850 | D        | Found Nemequga's Assorted Antiques.
   930 | D        | Reached skill level 10 in Stealth
   941 | D        | Noticed an oklob plant
   943 | D        | Killed an oklob plant
   961 | D        | Reached skill level 10 in Dodging
  1024 | D        | Killed an unseen horror
  1024 | D        | Received a gift from Trog
  1096 | D        | Killed an unseen horror
  1096 | D        | Reached skill level 15 in Fighting
  1096 | D        | Reached skill level 19 in Short Blades
  1096 | D        | Reached XP level 11. HP: 36/81 MP: 11/11
  1640 | D        | Reached ****** piety under Trog
  1640 | D        | Received a gift from Trog
  1694 | D        | Received a gift from Trog
  1741 | D        | Found Etyirur's General Store.
  1741 | D        | Found Ocluur's Armour Shop.
  1741 | D        | Found Acym's Assorted Antiques.
  1743 | D        | Found Qotunwex's General Store.
  1743 | D        | Found Qyoloam's Antique Weapon Shop.
  1743 | D        | Found Ziqinyg's Book Shoppe.
  1743 | D        | Found Sireh's Armour Boutique.
  1747 | D        | Found Xoet's Weapon Emporium.
  1748 | D        | Found Rogell's Book Shop.
  1749 | D        | Found Nezow's Distillery.
  1750 | D        | Found Qaurin Zili's Antique Weapon Boutique.
  1751 | D        | Found Fiuclayrph's Assorted Antiques.
  1751 | D        | Found Jofen's Antique Weapon Boutique.
  1754 | D        | Found Ygerchoi's Jewellery Emporium.
  1760 | D        | Bought the ring of Ubighik {rPois rF+ Str+4} for 535 gold
                  | pieces
  2049 | D        | Noticed a lindwurm
  2058 | D        | Killed a lindwurm
  2096 | D        | Received a gift from Trog
  2113 | D        | Reached skill level 15 in Stealth
  2123 | D        | Received a gift from Trog
  2192 | D        | Noticed a 12-headed hydra
  2194 | D        | Killed a 12-headed hydra
  2267 | D        | Noticed a shadow dragon
  2268 | D        | Noticed a golden dragon
  2271 | D        | Killed a shadow dragon
  2271 | D        | Reached skill level 20 in Short Blades
  2271 | D        | Reached XP level 12. HP: 88/88 MP: 12/12
  2273 | D        | Killed a golden dragon
  2285 | D        | Got a smoking robe
  2291 | D        | Identified the +0 robe of Supple Strength {+Fly Str+2} (You
                  | found it in the Dungeon)
  2363 | D        | Found Vaoh Tot's Armour Shoppe.
  2422 | D        | Noticed a deep elf annihilator
  2473 | D        | Noticed a daeva
  2479 | D        | Noticed an unseen horror
  2480 | D        | Noticed an unseen horror
  2480 | D        | Noticed an unseen horror
  2481 | D        | Noticed an unseen horror
  2482 | D        | Noticed an unseen horror
  2488 | D        | Killed an unseen horror
  2488 | D        | Received a gift from Trog
  2494 | D        | Killed an unseen horror
  2499 | D        | Killed an unseen horror
  2509 | D        | Killed an unseen horror
  2515 | D        | Killed an unseen horror
  2515 | D        | Reached skill level 15 in Dodging
  2857 | D        | Noticed a fire giant
  2878 | D        | Killed a fire giant
  2878 | D        | Reached skill level 21 in Short Blades
  2878 | D        | Reached XP level 13. HP: 94/94 MP: 13/13
  3027 | D        | Noticed a fire giant
  3028 | D        | Noticed a fire giant
  3029 | D        | Noticed a fire giant
  3036 | D        | Killed a fire giant
  3036 | D        | Received a gift from Trog
  3050 | D        | Killed a fire giant
  3059 | D        | Killed a fire giant
  3062 | D        | Identified the +4 dragonskin cloak
  3062 | D        | Noticed Tiamat
  3070 | D        | Got a steaming rapier {god gift}
  3071 | D        | Identified the +1 rapier of Cowardice {flame, rN+} (Trog
                  | gifted it to you in the Dungeon)
  3283 | D        | Bought a potion of flight for 36 gold pieces
  3289 | D        | Bought a scroll of holy word for 97 gold pieces
  3407 | D        | Received a gift from Trog
  3415 | D        | Killed from afar by a deep elf annihilator

Illustrated notes

Levels and vault maps discovered:
D:        dungeon_sprint_1 [red_sonja_temple_1, red_sonja_temple_small_1]

Skill      XL: |  1  2  3  4  5  6  7  8  9 10 11 12 13 |
---------------+----------------------------------------+-----
Fighting       | 5 7 8 10 11 12 13 15 17 18 | 18.8
Short Blades   | 6 8 11 12 13 16 17 19 20 21 | 21.5
Armour         | 2 3 4 5 6 |  6.9
Dodging        | 3 4 5 6 8 9 10 13 15 16 | 16.1
Stealth        | 1 2 3 4 7 9 12 16 18 19 | 19.5

Action                   |  1- 3 |  4- 6 |  7- 9 | 10-12 | 13-15 || total
-------------------------+-------+-------+-------+-------+-------++-------
Melee: Short sword       |    21 |    19 |    39 |   127 |       ||   206
       Rapier            |       |       |       |    84 |       ||    84
       Quick blade       |       |       |       |    45 |    58 ||   103
Invok: Berserk           |     2 |     3 |     2 |     7 |     1 ||    15
       Brothers in Arms  |       |       |       |       |     1 ||     1
  Use: Scroll            |       |       |     1 |       |     4 ||     5
       Potion            |       |       |       |       |     1 ||     1
 Stab: Sleeping          |     1 |       |     3 |    12 |       ||    16
Armor: Animal skin       |     1 |       |       |       |       ||     1
       Troll leather arm |       |       |       |    29 |     2 ||    31
Dodge: Dodged            |    11 |     9 |    14 |   150 |    23 ||   207

Table legend: (Time is in decaauts)
 A = Elapsed time spent in this place.
 B = Non-inter-level travel time spent in this place.
 C = Inter-level travel time spent in this place.
 D = Time resting spent in this place.
 E = Time spent auto-exploring this place.
 F = Levels seen in this place.
 G = Mean time per level.
                   A        B        C        D        E       F      G
               +--------+--------+--------+--------+--------+-----+--------+
         Total |   3351 |   3351 |      0 |   1741 |      3 |   1 | 3351.0 |
       Dungeon |   3351 |   3351 |      0 |   1741 |      3 |   1 | 3351.0 |
               +--------+--------+--------+--------+--------+-----+--------+

Top non-repeatable levels by time:
       D: 3351 daAuts
